 Dungeon Crawl Stone Soup version 0.25.0-1-g7eea58d (webtiles) character file.

Game seed: 2747403283968638958

5654 AmonKazuya the Protected (level 10, -2/76 HPs)
             Began as a Demonspawn Monk on June 27, 2020.
             Was a Believer of Qazlal.
             Hit by a silver boomerang thrown by a merfolk (10 damage)
             ... on level 10 of the Dungeon.
             The game lasted 01:07:17 (7511 turns).

AmonKazuya the Protected (Demonspawn Monk)          Turns: 7511, Time: 01:07:17

Health: -2/76      AC: 15    Str: 15    XL:     10   Next: 46%
Magic:  14/14      EV:  6    Int: 11    God:    Qazlal [**....]
Gold:   111        SH:  3    Dex: 16    Spells: 9/9 levels left

rFire    . . .     SeeInvis .   k - +5 great sword (freeze)
rCold    . . .     Gourm    .   (shield currently unavailable)
rNeg     . . .     Faith    .   j - +1 plate armour
rPois    .         Spirit   .   (helmet restricted)
rElec    .         Reflect  .   (no cloak)
rCorr    .         Harm     .   (no gloves)
MR       .....                  (no boots)
Stlth    ..........             (no amulet)
HPRegen  0.22/turn              g - +4 ring of slaying
MPRegen  0.14/turn              (no ring)

@: mighty
A: antennae 2, talons 1, demonic guardian 1, mutation resistance 1, shaggy fur 1
a: Upheaval, Renounce Religion


You were on level 10 of the Dungeon.
You worshipped Qazlal.
Qazlal was pleased with you.
You were not hungry.

You visited 2 branches of the dungeon, and saw 11 of its levels.

You collected 435 gold pieces.
You spent 324 gold pieces at shops.

Inventory:

Hand Weapons
 a - a +0 falchion
 d - a +3 short sword of speed
 f - a +1 dagger of venom
 k - a +5 great sword of freezing (weapon)
 l - a cursed +3 flail
 s - a +2 dagger of venom
 A - a +3 hand axe
 B - a +1 dagger of draining
 F - a +5 spear of venom
 I - a +1 antimagic dagger
Armour
 b - a +0 robe
 j - a +1 plate armour (worn)
 p - a +2 ring mail of fire resistance
 q - a +0 plate armour
 G - a +0 buckler
 L - a +1 chain mail of fire resistance
Magical Staves
 E - an uncursed staff of energy {unknown}
Jewellery
 e - a -4 ring of evasion
 g - a +4 ring of slaying (left hand)
 h - an uncursed ring of ice
 t - a +4 ring of slaying
Wands
 x - a wand of clouds (3)
Scrolls
 i - 4 scrolls of remove curse
 n - 3 scrolls of amnesia
 o - a scroll of fog
 r - 3 scrolls of identify
 u - 2 scrolls of magic mapping
 w - 2 scrolls of noise
 y - a scroll of random uselessness
 C - a scroll of holy word
 D - a scroll of fear
 H - a scroll of acquirement {unknown}
 J - a scroll of blinking
 K - a scroll of immolation
 M - a scroll of brand weapon
Potions
 z - 2 potions of brilliance
 N - a potion of curing
Comestibles
 c - 9 rations


   Skills:
 + Level 6.2 Fighting
 + Level 5.3(7.2) Short Blades
 + Level 7.6(8.4) Long Blades
 + Level 0.8 Polearms
 * Level 8.2 Armour
 + Level 3.0 Dodging
 + Level 3.2 Stealth
 + Level 1.8 Shields
 * Level 6.0 Invocations


You had 9 spell levels left.
You didn't know any spells.
Your spell library contained the following spells:

 Spells                   Type           Power        Failure   Level  Hunger
 Animate Skeleton         Necr           N/A          100%        1    ##.....
 Beastly Appendage        Tmut           #.....       100%        1    ##.....
 Pain                     Necr           #...         100%        1    ##.....
 Sticks to Snakes         Tmut           #.......     100%        2    ###....
 Spider Form              Tmut/Pois      #.........   100%        3    ####...
 Vampiric Draining        Necr           #.........   100%        3    ####...
 Animate Dead             Necr           N/A          100%        4    #####..
 Ice Form                 Ice/Tmut       #.......     100%        4    #####..
 Agony                    Necr           #.......     100%        5    ######.
 Blade Hands              Tmut           #.........   100%        5    ######.


Dungeon Overview and Level Annotations

Branches:
Dungeon (10/15)            Temple (1/1) D:4
   Lair: D:8-11         Orc: D:9-12

Altars:
Ashenzari
Cheibriados
Elyvilon
Hepliaklqana
Kikubaaqudgha
Makhleb
Nemelex Xobeh
Okawaru
Qazlal
Ru
Sif Muna
Uskayaw
Wu Jian
Yredelemnul
Zin

Shops:
D:9 ?

Annotations:
D:3 Sigmund


Innate Abilities, Weirdness & Mutations

You have a pair of antennae on your head.
You have sharp toenails.
A weak demonic guardian rushes to your aid.
You are somewhat resistant to further mutation.
You are covered in fur. (AC +1)


Message History

Your ufetubus closely misses the sky beast.
Your ufetubus hits the sky beast but does no damage.
You feel very mighty all of a sudden.
You slice the sky beast!! You freeze the sky beast.
You kill the sky beast!
Qazlal accepts your kill.
The merfolk throws a silver boomerang.
The silver boomerang hits you!
* * * LOW HITPOINT WARNING * * *
The silver sears you!
* * * LOW HITPOINT WARNING * * *
The weapon returns to the merfolk!
The merfolk throws a silver boomerang.
The silver boomerang hits you but does no damage.
The silver sears you!
* * * LOW HITPOINT WARNING * * *
The weapon returns to the merfolk!
The merfolk throws a silver boomerang.
The silver boomerang barely misses your ufetubus.
The silver boomerang barely misses you.
The merfolk throws a silver boomerang.
The silver boomerang hits you!
You die...

... ..# . #..
..# . #.. ..#
.##.#.Z #..#
....#.. #..#
#....Z{ #..#
#..#..m#####..#
#.......§.§@..#
#....#..†§5...#
### #........#
#.##..†..# #.
#.....#
#.##)....#
#..).....#
####.....# #.#
#.....#


You could see a merfolk and a friendly ufetubus (summoned).

Vanquished Creatures
  A deep elf mage (D:10)
  2 trolls (D:9)
  A hippogriff (D:8)
  A vampire (D:9)
  A wyvern (D:8)
  2 hungry ghosts (D:8)
  2 ice beasts
  3 sky beasts
  A black bear (D:8)
  2 ogres (D:10)
  A necrophage (D:10)
  A centaur (D:6)
  2 phantoms
  4 bullfrogs
  A gnoll sergeant (D:7)
  2 scorpions (D:6)
  10 killer bees
  10 wights
  2 howler monkeys
  A bullfrog zombie (D:5)
  6 crimson imps
  2 centaur zombies
  2 jellies
  6 hounds
  4 orc wizards
  2 orc priests (D:5)
  3 iguanas
  A centaur skeleton (D:10)
  Natasha (twice) (D:2)
  6 worker ants
  A hound skeleton (D:8)
  A worker ant zombie (D:7)
  Robin (D:2)
  6 gnolls
  8 adders
  A howler monkey skeleton (D:6)
  A shadow imp (D:7)
  3 worms
  5 dart slugs
  3 leopard geckos
  8 orcs
  4 ball pythons
  10 bats
  8 giant cockroaches
  22 goblins
  6 hobgoblins
  11 jackals
  3 quokkas
  5 frilled lizards
  A jackal zombie (D:8)
  12 kobolds
  5 rats
209 creatures vanquished.

Vanquished Creatures (collateral kills)
  Joseph (D:9)
  A hungry ghost (D:10)
  A sky beast (D:6)
  An ogre (D:4)
  A centaur (D:8)
  A big kobold (D:8)
  A bullfrog (D:8)
  3 wights
  A killer bee (D:8)
  A crimson imp (D:8)
  A hound (D:6)
  A jelly (D:5)
  A centaur skeleton (D:5)
  An orc (D:8)
  A giant cockroach (D:4)
  A kobold (D:8)
18 creatures vanquished.

Vanquished Creatures (others)
  A sky beast (D:9)
  An ogre (D:10)
2 creatures vanquished.

Grand Total: 229 creatures vanquished

Notes
Turn   | Place    | Note
-------+----------+-------------------------------------------
     0 | D:1      | AmonKazuya the Demonspawn Monk began the quest for the Orb.
     0 | D:1      | Reached XP level 1. HP: 18/18 MP: 1/1
   319 | D:1      | Gained mutation: You have a pair of small antennae on your
                  | head. [demonic ancestry]
   319 | D:1      | Reached XP level 2. HP: 23/24 MP: 2/2
  1238 | D:1      | Reached XP level 3. HP: 27/29 MP: 3/3
  1574 | D:2      | Noticed Robin
  1609 | D:2      | Killed Robin
  1609 | D:2      | Gained mutation: A weak demonic guardian rushes to your
                  | aid. [demonic ancestry]
  1609 | D:2      | Reached XP level 4. HP: 12/37 MP: 4/4
  1895 | D:2      | Noticed Natasha
  1910 | D:2      | Killed Natasha
  1910 | D:2      | Reached skill level 1 in Armour
  2264 | D:2      | Gained mutation: You have sharp toenails. [demonic
                  | ancestry]
  2264 | D:2      | Reached XP level 5. HP: 42/42 MP: 5/5
  2286 | D:2      | Found an ancient bone altar of Kikubaaqudgha.
  2352 | D:2      | Noticed Natasha
  2358 | D:2      | Killed Natasha
  2560 | D:3      | Noticed Sigmund
  2712 | D:3      | Reached skill level 1 in Short Blades
  2718 | D:3      | Found a shattered altar of Ashenzari.
  2780 | D:4      | Found a hide-covered altar of Uskayaw.
  2886 | D:4      | Noticed an ogre
  2897 | D:4      | Killed an ogre
  2897 | D:4      | Reached skill level 2 in Armour
  2897 | D:4      | Reached XP level 6. HP: 16/48 MP: 6/6
  3280 | D:4      | Noticed a +0 dagger
  3281 | D:4      | Noticed a +0 hand axe
  3307 | D:4      | Found a glowing silver altar of Zin.
  3412 | D:4      | Found a staircase to the Ecumenical Temple.
  3418 | Temple   | Entered the Ecumenical Temple
  3489 | Temple   | Became a worshipper of Qazlal Stormbringer
  3489 | Temple   | Reached * piety under Qazlal
  3489 | Temple   | Reached ** piety under Qazlal
  3600 | D:5      | Entered Level 5 of the Dungeon
  3600 | D:5      | Noticed an ice beast
  3701 | D:5      | Reached skill level 3 in Armour
  3921 | D:5      | Killed an ice beast
  3921 | D:5      | Gained mutation: You have a pair of antennae on your head.
                  | [demonic ancestry]
  3921 | D:5      | Reached XP level 7. HP: 53/54 MP: 7/7
  3998 | D:5      | Reached skill level 4 in Armour
  4046 | D:5      | Found a hazy altar of Hepliaklqana.
  4150 | D:5      | Gained mutation: You are somewhat resistant to further
                  | mutation. [potion of mutation]
  4150 | D:5      | Gained mutation: You are covered in fur. (AC +1) [potion of
                  | mutation]
  4755 | D:6      | Found a sacrificial altar of Ru.
  4763 | D:6      | Reached XP level 8. HP: 58/61 MP: 8/8
  4789 | D:6      | Reached skill level 5 in Fighting
  5031 | D:6      | Reached skill level 5 in Armour
  5419 | D:7      | Reached skill level 5 in Short Blades
  5519 | D:7      | Reached *** piety under Qazlal
  6110 | D:8      | Reached skill level 6 in Armour
  6118 | D:8      | Reached skill level 5 in Long Blades
  6164 | D:8      | Reached XP level 9. HP: 68/68 MP: 9/9
  6307 | D:8      | Found an ornate altar of the Wu Jian Council.
  6317 | D:8      | Reached skill level 7 in Armour
  6379 | D:8      | Reached skill level 1 in Invocations
  6644 | D:8      | Found an ornate altar of the Wu Jian Council.
  6792 | D:9      | Noticed a troll
  6802 | D:9      | Noticed Joseph
  6820 | D:9      | Found a shattered altar of Ashenzari.
  6830 | D:9      | Killed a troll
  6850 | D:9      | Killed Joseph
  6860 | D:9      | Reached XP level 10. HP: 14/76 MP: 4/12
  6891 | D:9      | Reached skill level 1 in Shields
  7024 | D:9      | Found Gafalal's Magic Scroll Shoppe.
  7031 | D:9      | Bought a scroll of immolation for 42 gold pieces
  7031 | D:9      | Bought a scroll of brand weapon for 240 gold pieces
  7031 | D:9      | Bought a scroll of magic mapping for 42 gold pieces
  7155 | D:10     | Entered Level 10 of the Dungeon
  7260 | D:10     | Reached skill level 5 in Invocations
  7267 | D:10     | Reached skill level 8 in Armour
  7438 | D:10     | Noticed a deep elf mage
  7456 | D:10     | Killed a deep elf mage
  7511 | D:10     | Hit by a silver boomerang thrown by a merfolk

Illustrated notes

Levels and vault maps discovered:
D:1:      wander_arrival_chamber, layout_basic, minmay_pentomino_t2
D:2:      minmay_razor_zed, layout_basic, lemuel_round_altar, first_ration,
          minivault_26, uniq_natasha, uniq_robin
D:3:      layout_basic, hex_large, ashenzari_altar_1, uniq_sigmund
D:4:      layout_basic, zin_statuary, dancing_weapons_uskayaw,
          minmay_temple_entry_enclosed_plants, hex_intersection
D:5:      layout_rooms, lemuel_crystal_altar
D:6:      layout_cave_pools, basic_altar
D:7:      layout_basic
D:8:      layout_rooms, lemuel_doored_altar, basic_altar, grunt_ministairs_15
D:9:      layout_big_octagon, nicolae_overflow_crystal_walls, serial_shops,
          nicolae_shop_stone, uniq_joseph
D:10:     layout_stronghold, david_lair_generic, hangedman_stone_soup, uniq_grum
Temple:   eino_temple_scatter_basement

Skill      XL: |  1  2  3  4  5  6  7  8  9 10 |
---------------+-------------------------------+-----
Long Blades    | 3 4 5 7 |  7.6
Stealth        | 2 3 |  3.2
Dodging        | 3 |  3.0
Armour         | 1 2 3 4 6 7 8 |  8.2
Short Blades   | 1 2 4 5 |  5.3
Fighting       | 4 5 6 |  6.2
Invocations    | 3 6 |  6.0
Shields        | 1 |  1.8
Polearms       | |  0.8

Action                   |  1- 3 |  4- 6 |  7- 9 | 10-12 || total
-------------------------+-------+-------+-------+-------++-------
Melee: Falchion          |   118 |     1 |       |       ||   119
       Short sword       |       |   145 |    74 |    34 ||   253
       Kick              |       |    26 |    63 |    23 ||   112
       Great sword       |       |       |   126 |    30 ||   156
       Spear             |       |       |     5 |       ||     5
Invok: Upheaval          |       |       |     6 |     5 ||    11
       Elemental Force   |       |       |     2 |       ||     2
  Use: Scroll            |     1 |     3 |    12 |     3 ||    19
       Potion            |     2 |     3 |     8 |     1 ||    14
 Stab: Distracted        |       |     1 |     1 |     1 ||     3
  Eat: Chunk             |     2 |     5 |     4 |       ||    11
       Ration            |       |     1 |     2 |     2 ||     5
Armor: Robe              |    14 |       |       |       ||    14
       Plate armour      |    65 |    57 |   154 |    35 ||   311
       Skin              |       |     2 |       |       ||     2
Dodge: Dodged            |    54 |    24 |    57 |    19 ||   154
Block: Other             |       |     1 |    36 |     6 ||    43
       Rpst.: Falchion   |    19 |       |       |       ||    19
       Great sword       |       |       |    13 |     1 ||    14
